 Dungeon Crawl Stone Soup version 0.29-a0-925-g0a7a3d12f8 (webtiles) character file.

Game seed: 16144346773748047807

140 Newt the Grave Robber (level 5, -2/35 HPs)
             Began as a Mummy Necromancer on July 29, 2022.
             Slain by IdlyInterested's ghost (9 damage)
             ... on level 3 of the Dungeon.
             The game lasted 00:06:17 (2729 turns).

Newt the Grave Robber (Mummy Necromancer)           Turns: 2729, Time: 00:06:18

Health: -2/35      AC:  3    Str: 11    XL:     5   Next: 2%
Magic:  12/12      EV: 11    Int: 16    God:
Gold:   237        SH:  3    Dex: 13    Spells: 9/13 levels left

rFire   x . .      SeeInvis .   (no weapon)
rCold   + + .      Faith    .   e - +0 buckler
rNeg    + + +      Spirit   .   a - +0 robe
rPois   ∞          Reflect  .   (no helmet)
rElec   .          Harm     .   (no cloak)
rCorr   .          Rampage  .   (no gloves)
Will    .....                   l - +0 pair of boots
Stlth   ++........              (no amulet)
HPRegen 0.11/turn               d - ring of protection from cold
MPRegen 0.13/turn               (no ring)

@: no status effects
A: cold resistance 1, negative energy resistance 3, torment resistance 2, heat
vulnerability 1, in touch with death 1, no potions
a: no special abilities


You were on level 3 of the Dungeon.
You visited 1 branch of the dungeon, and saw 4 of its levels.

You collected 237 gold pieces.

Inventory:

Missiles
 h - 3 curare-tipped darts
Armour
 a - a +0 robe (worn)
 e - a +0 buckler (worn)
 l - a +0 pair of boots (worn)
Jewellery
 d - a ring of protection from cold (left hand)
Wands
 f - a wand of iceblast (11)
Scrolls
 b - 2 scrolls of enchant armour
 c - a scroll of butterflies
 i - 2 scrolls of amnesia
 j - a scroll of vulnerability
 k - 2 scrolls of poison


   Skills:
 + Level 1.7 Dodging
 - Level 1.5 Stealth
 + Level 4.8 Spellcasting
 + Level 5.3 Necromancy


You had 9 spell levels left.
You knew the following spells:

 Your Spells              Type           Power      Damage    Failure   Level
a - Necrotise             Necr           100%       1d9       2%          1
b - Vampiric Draining     Necr           31%        2d8       7%          3

Your spell library contained the following spells:

 Spells                   Type           Power      Damage    Failure   Level
 Animate Dead             Necr           31%        N/A       24%         4
 Blink                    Tloc           6%         N/A       32%         2
 Agony                    Necr           31%        N/A       54%         5
 Manifold Assault         Tloc           3%         N/A       99%         5
 Storm Form               Tmut/Air       Unusable   N/A       N/A         7

Dungeon Overview and Level Annotations

Branches:
Dungeon (4/15)
 Temple: D:4-7

Altars:
Nemelex Xobeh
Xom

Shops:
D:2 (   D:3 [   D:4 (

Annotations:
D:3 IdlyInterested's ghost, novice DsGl


Innate Abilities, Weirdness & Mutations

You are immune to poison.
Your flesh is cold resistant. (rC+)
You are immune to negative energy. (rN+++)
You are immune to unholy pain and torment.
You are vulnerable to heat. (rF-)
You are in touch with the powers of death.
You do not drink.


Message History

Press: ? - help, Q - select action, (/) - cycle Shift-Dir - straight line, f/p - IdlyInterested's ghost
Aim: IdlyInterested's ghost, wielding a vampiric weapon (not susceptible)
You feel a surge of power!
IdlyInterested's ghost is unaffected.
IdlyInterested's ghost barely misses you.
IdlyInterested's ghost attacks as you move away!
IdlyInterested's ghost hits you.
IdlyInterested's ghost attacks as you move away!
IdlyInterested's ghost hits you. IdlyInterested's ghost hits you.
There is a stone staircase leading up here.
IdlyInterested's ghost attacks as you move away!
IdlyInterested's ghost hits you but does no damage.
IdlyInterested's ghost attacks as you move away!
IdlyInterested's ghost closely misses you.
IdlyInterested's ghost attacks as you move away!
IdlyInterested's ghost hits you.
IdlyInterested's ghost attacks as you move away!
You block IdlyInterested's ghost's attack.
There is an escape hatch in the ceiling here.
IdlyInterested's ghost misses you. A mysterious force pulls you upwards.
The hatch slams shut behind you.
IdlyInterested's ghost attacks as you move away!
IdlyInterested's ghost hits you!
There is a stone staircase leading up here.
IdlyInterested's ghost hits you!
* * * LOW HITPOINT WARNING * * *
You climb upwards.
There is a stone staircase leading down here.
Casting: Necrotise (safe; 2% risk of failure)
Confirm with . or Enter, or press ? or * to list all spells.
You can't see any susceptible monsters within range! (Use Z to cast anyway.) Unknown command.
Unknown command.
Okay, then.
IdlyInterested's ghost closely misses you.
You climb downwards.
There is a stone staircase leading up here.
IdlyInterested's ghost attacks as you move away!
IdlyInterested's ghost hits you!
You die...

#.# #..###### ## #.#
#..# .# #.# #..# .#
#.# #..# .####.# #..#
...##.########..###
##.##.##..........#
#....##.###.##W#.####
##.#####(#
#.##.@....# ...# #.#
#<####.##.# .### #.#
#.# #.##.#
.#######.###.# #.##.#
.............# #.##.#
.#######.##### #.##.#
.# #.# #.##.# .# #>#
#.##.# .# #.# #.##.#


You could see IdlyInterested's ghost.

Vanquished Creatures
  A jelly (D:4)
  An iguana (D:4)
  4 adders
  2 dart slugs
  An orc (D:3)
  3 endoplasms
  3 giant cockroaches
  4 goblins
  6 hobgoblins
  A quokka (D:2)
  6 ball pythons
  2 bats (D:1)
  2 frilled lizards (D:2)
  2 kobolds
  2 rats
40 creatures vanquished.

Vanquished Creatures (collateral kills)
  An endoplasm (D:2)
  A goblin (D:1)
2 creatures vanquished.

Grand Total: 42 creatures vanquished

Notes
Turn   | Place    | Note
-------+----------+-------------------------------------------
     0 | D:1      | Newt the Mummy Necromancer began the quest for the Orb.
     0 | D:1      | Reached XP level 1. HP: 13/13 MP: 4/4
   194 | D:1      | Reached XP level 2. HP: 19/19 MP: 1/5
   284 | D:1      | Found a faded altar of an unknown god.
   562 | D:2      | Found Wib Peck's Antique Weapon Boutique.
   668 | D:2      | Found a shimmering altar of Xom.
   896 | D:2      | Gained mutation: You are in touch with the powers of death.
                  | [Mummy growth]
   896 | D:2      | Reached XP level 3. HP: 24/24 MP: 1/7
  1032 | D:2      | Learned a level 3 spell: Vampiric Draining
  1229 | D:3      | Found Maqip's Antique Armour Emporium.
  1594 | D:3      | Found a sparkling altar of Nemelex Xobeh.
  1980 | D:4      | Reached skill level 5 in Necromancy
  1980 | D:4      | Reached XP level 4. HP: 30/30 MP: 2/10
  2256 | D:4      | Found Eshuese's Weapon Boutique.
  2341 | D:4      | Found a runed translucent door.
  2346 | D:4      | Noticed IdlyInterested's ghost (novice DsGl)
  2449 | D:4      | Reached XP level 5. HP: 35/35 MP: 9/12
  2729 | D:3      | Slain by IdlyInterested's ghost

Illustrated notes

Levels and vault maps discovered:
D:1:      lightli_arrival_chessboard, layout_basic,
          hellmonk_ecumenical_altar_lost_god, minivault_19
D:2:      layout_rooms, basic_altar, serial_shops, shop
D:3:      layout_loops_ring, nicolae_overflow_hidden_temple, serial_shops,
          nicolae_shop_competitors_out_of_business, uniq_crazy_yiuf_cottage
D:4:      layout_cave_pools, ebering_ghost_reflecting_pool, serial_shops,
          kennysheep_little_box, kennysheep_small_square

Skill      XL: |  1  2  3 |
---------------+----------+-----
Spellcasting   | 3 4 |  4.8
Necromancy     | 5 |  5.3
Dodging        | |  1.7
Stealth        | |  1.5

Action                   |  1- 3 |  4- 6 || total
-------------------------+-------+-------++-------
Melee: Unarmed           |     5 |       ||     5
 Cast: Necrotise         |    67 |    21 ||    88
       Vampiric Draining |     1 |       ||     1
  Use: Scroll            |     4 |     1 ||     5
Armor: Robe              |     1 |     1 ||     2
Dodge: Dodged            |    13 |     7 ||    20
Block: Buckler           |     1 |     3 ||     4

Table legend: (Time is in decaauts)
 A = Elapsed time spent in this place.
 B = Non-inter-level travel time spent in this place.
 C = Inter-level travel time spent in this place.
 D = Time resting spent in this place.
 E = Time spent auto-exploring this place.
 F = Levels seen in this place.
 G = Mean time per level.
                   A        B        C        D        E       F      G
               +--------+--------+--------+--------+--------+-----+--------+
         Total |   2728 |   2677 |     51 |      0 |   2340 |   4 |  682.0 |
       Dungeon |   2728 |   2677 |     51 |      0 |   2340 |   4 |  682.0 |
               +--------+--------+--------+--------+--------+-----+--------+

Top non-repeatable levels by time:
     D:4: 928 daAuts
     D:3: 747 daAuts
     D:1: 556 daAuts
     D:2: 496 daAuts
